 Dungeon Crawl Stone Soup version 0.24.0-123-gd5b16e6ec5 (webtiles) character file.

Game seed: 8393982672659974590, levelgen mode: deterministic

8428 Curus the Spear-Bearer (level 11, -1/92 HPs)
             Began as a Green Draconian Berserker on Feb 4, 2020.
             Was a High Priest of Trog.
             Slain by a blink frog (7 damage)
             ... on level 9 of the Dungeon.
             The game lasted 00:52:43 (10853 turns).

Curus the Spear-Bearer (Green Draconian Berserker) Turns: 10853, Time: 00:52:44

Health: -1/92      AC: 10    Str: 19      XL:     11   Next: 9%
Magic:  13/13      EV: 18    Int:  6 (7)  God:    Trog [*****.]
Gold:   190        SH:  0    Dex: 13      Spells: 10/10 levels left

rFire    . . .     SeeInvis .   k - +2 trident
rCold    . . .     Gourm    .   (no shield)
rNeg     . . .     Faith    .   (armour unavailable)
rPois    +         Spirit   .   (helmet restricted)
rElec    .         Reflect  .   (no cloak)
rCorr    .         Harm     .   d - +1 pair of gloves
MR       .....                  g - +0 pair of boots
Stlth    +.........             p - amulet of rage
HPRegen  0.25/turn              D - +3 ring of evasion
MPRegen  0.13/turn              B - -2 ring of dexterity

@: short of breath, berserk cooldown, slowed, very slow
A: breathe noxious fumes, unfitting armour, mutation resistance 1, poison
resistance, cold-blooded, AC +7
a: Breathe Noxious Fumes, Berserk, Trog's Hand, Brothers in Arms, Renounce
Religion, Evoke Berserk Rage


You were on level 9 of the Dungeon.
You worshipped Trog.
Trog was extremely pleased with you.
You were not hungry.

You visited 2 branches of the dungeon, and saw 10 of its levels.
You also visited: Ossuary.

You collected 530 gold pieces.
You spent 340 gold pieces at shops.

Inventory:

Hand Weapons
 a - a +0 spear
 k - a +2 trident (weapon)
 C - a +4 glaive of chopping
Armour
 d - a +1 pair of gloves (worn)
 g - a +0 pair of boots (worn)
Jewellery
 p - an amulet of rage (around neck)
 r - an uncursed ring of poison resistance
 u - an uncursed amulet of harm
 x - an uncursed ring of wizardry
 A - an uncursed ring of protection from fire
 B - a -2 ring of dexterity (right hand)
 D - a +3 ring of evasion (left hand)
Wands
 l - a wand of acid (7)
 t - a wand of paralysis (10)
 y - a wand of flame (18)
Scrolls
 e - 8 scrolls of teleportation
 i - 8 scrolls of identify
 o - 5 scrolls of remove curse
 q - a scroll of blinking
 w - a scroll of fog
 z - 2 scrolls of fear
Potions
 c - 4 potions of heal wounds
 f - 2 potions of agility
 h - 7 potions of curing
 j - 2 potions of resistance
 m - 2 potions of magic
 n - 2 potions of might
 s - 4 potions of haste
 v - 2 potions of ambrosia
Comestibles
 b - 17 rations


   Skills:
 + Level 7.5 Fighting
 - Level 14.0 Polearms
 + Level 6.3 Dodging
 - Level 3.8 Evocations


You had 10 spell levels left.
You didn't know any spells.
Your spell library was empty.

Dungeon Overview and Level Annotations

Branches:
Dungeon (9/15)             Temple (0/1) D:7            Lair (1/6) D:9
Ossuary (visited)
    Orc: D:9-12

Altars:
Ashenzari
Dithmenos
Fedhas
Gozag
Kikubaaqudgha
Makhleb
Nemelex Xobeh
Ru
Sif Muna
Uskayaw
Vehumet
Wu Jian
Xom
Yredelemnul
Zin
Beogh

Shops:
D:9 (*

Annotations:
D:6 3 runed translucent doors, Curus's ghost, novice DrBe
D:9 2 transporters, exclusion: orange crystal statue, Xuofyig's ghost, novice DrCj


Innate Abilities, Weirdness & Mutations

You can breathe blasts of noxious fumes.
Your lurid green scales are hard. (AC +7)
You cannot fit into any form of body armour.
Your system is resistant to poisons. (rPois)
You are cold-blooded and may be slowed by cold attacks.
You are somewhat resistant to further mutation.


Message History

The blink frog is engulfed in noxious fumes.
The blink frog appears confused.
Attack whom?
Press: ? - help, Dir - move target cursor, f/p - blink frog
Aim: a blink frog (noxious fumes, moderately wounded, confused)
You reach to attack!
You hit the blink frog.
The blink frog is heavily wounded.
The blink frog is engulfed in noxious fumes.
The blink frog appears confused.
You closely miss the blink frog.
The blink frog is heavily wounded.
The blink frog misses you.
You completely miss the blink frog.
The blink frog is heavily wounded.
The blink frog closely misses you.
You catch the helpless blink frog completely off-guard!
You puncture the blink frog!
Your tail-slap misses the blink frog.
The blink frog is almost dead.
The blink frog hits you!
You die...

........................##.....#.
.#.....#.....#....P.#######....#.
....#..........P.P.PP.....######.
.#.....#...PP.P.P.PP......#....#.
...............P...P..P...#....##
.#######....P.P.P.P.......#....##
.#######..PPPPP####P.P.P..#....##
.#..........P..#.>#...P...#....##
.#....####.P°..F@†#P......##'####
.#....#........####.PPP..........
.######.##...P.P.P...P......###..
........###...PP..P.........###..
........# #......P..........#....
...###..###.....PPPP........#.#..
...# #.........P....##...........
...###..............##....#.#.#.#
....................##...........


You could see a blink frog (confused).

Vanquished Creatures
  Erica (D:9)
  A hydra (D:9)
  2 komodo dragons (D:9)
  A troll (D:9)
  A blink frog (D:9)
  2 dream sheep (D:9)
  A hippogriff (D:6)
  Sigmund (D:3)
  6 yaks (D:9)
  2 hungry ghosts
  Duvessa (D:6)
  A porcupine (D:9)
  An orc warrior (D:9)
  An ice beast (D:3)
  2 centaurs
  4 ogres
  3 big kobolds (D:9)
  4 bullfrogs
  Dowan (D:6)
  15 scorpions
  2 water moccasin skeletons
  5 killer bees (D:9)
  4 howler monkeys
  3 crimson imps
  A bullfrog zombie (D:7)
  2 centaur zombies (Ossuary)
  5 hounds
  A quasit (D:7)
  2 jellies
  2 human zombies (Ossuary)
  11 orc priests
  8 orc wizards
  A centaur skeleton (D:8)
  2 bullfrog skeletons
  3 iguanas
  Ijyb (D:5)
  7 worker ants
  4 big kobold zombies (Ossuary)
  2 hound zombies
  3 mummies (Ossuary)
  A hound skeleton (D:9)
  4 gnolls (D:7)
  6 adders
  A howler monkey skeleton (D:8)
  4 scorpion zombies (Ossuary)
  2 shadow imps
  3 oozes
  2 adder skeletons
  An adder zombie (D:9)
  3 worms
  A dart slug (D:1)
  4 leopard geckos
  46 orcs
  7 giant cockroaches
  A gnoll zombie (Ossuary)
  3 goblins
  5 hobgoblins
  8 jackals
  10 kobolds
  3 quokkas
  A ball python (D:2)
  7 bats
  A frilled lizard (D:3)
  3 goblin zombies (Ossuary)
  3 hobgoblin zombies (Ossuary)
  A kobold zombie (Ossuary)
  A leopard gecko skeleton (D:5)
  3 orc zombies (Ossuary)
  A quokka skeleton (D:9)
  4 rats
260 creatures vanquished.

Vanquished Creatures (others)
  A scorpion (Ossuary)
  2 fungi (D:9)
3 creatures vanquished.

Grand Total: 263 creatures vanquished

Notes
Turn   | Place    | Note
-------+----------+-------------------------------------------
     0 | D:1      | Curus the Draconian Berserker began the quest for the Orb.
     0 | D:1      | Reached XP level 1. HP: 19/19 MP: 1/1
   326 | D:1      | Reached XP level 2. HP: 23/26 MP: 2/2
   786 | D:1      | Reached skill level 4 in Polearms
  1143 | D:2      | Reached ** piety under Trog
  1229 | D:2      | Reached XP level 3. HP: 31/31 MP: 3/3
  1316 | D:2      | Found an ornate altar of the Wu Jian Council.
  1654 | D:3      | Found a burning altar of Makhleb.
  1668 | D:3      | Reached skill level 5 in Polearms
  1668 | D:3      | Reached XP level 4. HP: 14/38 MP: 4/4
  2555 | D:3      | Noticed an ice beast
  2566 | D:3      | Killed an ice beast
  2566 | D:3      | Reached skill level 6 in Polearms
  2566 | D:3      | Reached XP level 5. HP: 6/45 MP: 5/5
  2823 | D:3      | Noticed Sigmund
  2862 | D:3      | Killed Sigmund
  2862 | D:3      | Reached skill level 7 in Polearms
  2862 | D:3      | Reached XP level 6. HP: 21/51 MP: 6/6
  3329 | D:5      | Entered Level 5 of the Dungeon
  3578 | D:5      | Reached skill level 8 in Polearms
  3585 | D:5      | Your scales start taking on a lurid green colour.
  3585 | D:5      | Reached XP level 7. HP: 52/57 MP: 7/7
  3585 | D:5      | Gained mutation: Your system is resistant to poisons.
                  | (rPois) [Green Draconian growth]
  3606 | D:5      | Reached *** piety under Trog
  3890 | D:5      | Noticed Ijyb
  3901 | D:5      | Killed Ijyb
  4165 | D:5      | Reached skill level 9 in Polearms
  4166 | D:5      | Found a basalt altar of Yredelemnul.
  4166 | D:5      | Found a blossoming altar of Fedhas.
  4296 | D:4      | Reached XP level 8. HP: 33/63 MP: 8/8
  4489 | D:4      | Reached skill level 10 in Polearms
  4686 | D:4      | Found a shimmering altar of Xom.
  4687 | D:4      | Found a burning altar of Makhleb.
  4831 | D:5      | Reached **** piety under Trog
  5305 | D:5      | Found a shimmering blue altar of Sif Muna.
  5362 | D:6      | Found a shattered altar of Ashenzari.
  5438 | D:6      | Found a runed translucent gate.
  5438 | D:6      | Found a runed translucent gate.
  5438 | D:6      | Found an opulent altar of Gozag.
  5438 | D:6      | Noticed a two-headed ogre
  5439 | D:6      | Found a runed translucent gate.
  5439 | D:6      | Noticed Curus's ghost (novice DrBe)
  5521 | D:6      | Gained mutation: You are somewhat resistant to further
                  | mutation. [potion of mutation]
  5527 | D:6      | Noticed a hippogriff
  5527 | D:6      | Noticed Dowan
  5529 | D:6      | Noticed Duvessa
  5547 | D:6      | HP: 4/94 [Duvessa/+0 short sword (11)]
  5548 | D:6      | Killed Duvessa
  5548 | D:6      | Reached skill level 11 in Polearms
  5795 | D:6      | Killed Dowan
  5848 | D:6      | Killed a hippogriff
  6351 | D:7      | Found an ancient bone altar of Kikubaaqudgha.
  6351 | D:7      | Found a faded altar of an unknown god.
  6356 | D:7      | Found a faded altar of an unknown god.
  6358 | D:7      | Found a sparkling altar of Nemelex Xobeh.
  6360 | D:7      | Found a hide-covered altar of Uskayaw.
  6445 | D:7      | Reached XP level 9. HP: 63/70 MP: 9/9
  6529 | D:7      | Reached skill level 12 in Polearms
  6729 | D:7      | Found a staircase to the Ecumenical Temple.
  7113 | D:8      | Found a radiant altar of Vehumet.
  7114 | D:8      | Found a shadowy altar of Dithmenos.
  7160 | D:8      | Reached ***** piety under Trog
  7237 | D:8      | Found a sand-covered staircase.
  7242 | Ossuary  | Entered an ossuary
  7641 | Ossuary  | Reached skill level 13 in Polearms
  8758 | D:9      | Noticed a troll
  8793 | D:9      | Killed a troll
  8793 | D:9      | Reached skill level 14 in Polearms
  9059 | D:9      | Reached XP level 10. HP: 77/77 MP: 10/10
  9216 | D:9      | Noticed a three-headed hydra
  9228 | D:9      | Killed a three-headed hydra
  9228 | D:9      | Reached skill level 5 in Fighting
  9276 | D:9      | Received a gift from Trog
  9364 | D:9      | Found Xuuss's Assorted Antiques.
  9374 | D:9      | Bought a potion of might for 100 gold pieces
  9374 | D:9      | Bought a scroll of teleportation for 75 gold pieces
  9374 | D:9      | Bought a potion of curing for 75 gold pieces
  9388 | D:9      | Reached skill level 5 in Dodging
  9790 | D:9      | Found a staircase to the Lair.
 10095 | Lair:1   | Entered Level 1 of the Lair of Beasts
 10122 | D:9      | Found a transporter.
 10135 | D:9      | Found Zin's Purification Station.
 10141 | D:9      | Found a glowing silver altar of Zin.
 10148 | D:9      | Bought a potion of curing for 90 gold pieces
 10198 | D:9      | Found a roughly hewn altar of Beogh.
 10433 | D:9      | Noticed Xuofyig's ghost (novice DrCj)
 10449 | D:9      | Found a transporter.
 10501 | D:9      | Noticed an orange crystal statue
 10511 | D:9      | Found the +3 robe of Clouds {+Thunder rCloud rElec}
 10571 | D:9      | Found Obocril's Weapon Shoppe.
 10574 | D:9      | Noticed Erica
 10586 | D:9      | Killed Erica
 10586 | D:9      | Reached XP level 11. HP: 75/92 MP: 7/13
 10687 | D:9      | Found a sacrificial altar of Ru.
 10840 | D:9      | HP: 5/138 [blink frog (11)]
 10853 | D:9      | Slain by a blink frog

Levels and vault maps discovered:
D:1:      roderic_chinese_lattice_arrival, layout_basic
D:2:      layout_rooms, nicolae_overflow_crystal_walls, first_ration,
          kennysheep_generic_room_4
D:3:      layout_loops_ring, makhleb_heckhound_becter, uniq_sigmund
D:4:      layout_cave_pools, grunt_temple_overflow_champion_of_chaos,
          bh_chokoban
D:5:      layout_gridville, marbit_many_paths,
          chequers_temple_overflow_statue_of_worship, uniq_ijyb
D:6:      layout_rooms, lemuel_round_altar, ebering_ghost_gozag,
          hangedman_decor_growths, kennysheep_generic_room_2, uniq_duvessa
D:7:      layout_basic, chequers_temple_overflow_minitemple,
          minmay_temple_entry_statues_pillars
D:8:      layout_basic, nicolae_overflow_hidden_temple,
          grunt_temple_overflow_open, enter_ossuary_5
D:9:      layout_stronghold, zin_purify, kennysheep_mini_moat,
          grunt_lair_entry_orc_guard_hut, gammafunk_ghost_stat_death,
          serial_shops, nicolae_shop_temple_entry_statues_fountains,
          kennysheep_mini, hangedman_ranch [blue_anna_fruit_fields],
          minmay_misc_feat_pillars, minmay_misc_feat_five, minivault_15,
          david_defended_altar_orc, uniq_erica
Lair:1:   layout_cave_pods, chequers_serial_rivers_micro_d

Skill      XL: |  1  2  3  4  5  6  7  8  9 10 |
---------------+-------------------------------+-----
Polearms       | 4 5 6 7 8 9 11 14 | 14.0
Dodging        | 6 |  6.3
Fighting       | 7 |  7.5
Evocations     | 3 |  3.8

Action                   |  1- 3 |  4- 6 |  7- 9 | 10-12 || total
-------------------------+-------+-------+-------+-------++-------
Melee: Spear             |   135 |    74 |       |       ||   209
       Tailslap          |    13 |    19 |   108 |    35 ||   175
       Trident           |       |    75 |   702 |   158 ||   935
       Glaive            |       |       |       |    58 ||    58
Invok: Berserk           |     1 |     3 |    10 |     5 ||    19
       Trog's Hand       |       |       |     2 |       ||     2
 Abil: Breathe Noxious F |       |       |     3 |     3 ||     6
  Use: Potion            |     6 |     5 |     4 |       ||    15
       Scroll            |     3 |       |    11 |     2 ||    16
 Stab: Sleeping          |     1 |     3 |     2 |       ||     6
       Invisible         |       |     1 |       |       ||     1
       Distracted        |       |     1 |       |       ||     1
       Confused          |       |       |     3 |     3 ||     6
  Eat: Chunk             |     2 |     7 |    22 |    10 ||    41
       Ration            |       |     1 |     2 |     1 ||     4
Armor: Skin              |    38 |    28 |   187 |    20 ||   273
Dodge: Dodged            |    73 |    58 |   357 |   110 ||   598
